[Event "17th Asian Continental-ch Women 2018"]
[Site "Makati City"]
[Date "2018.12.11"]
[Round "2.7"]
[White "Hoang, Thi Bao Tram"]
[Black "Citra, Dewi Ardhiani Anast"]
[Result "1-0"]
[ECO "A00"]
[WhiteElo "2314"]
[BlackElo "2215"]
[PlyCount "65"]
[EventDate "2018.12.07"]
[EventType "swiss"]
[EventCountry "PHI"]
[TimeControl "40/5400+30:1800+30"]

1. d4 d5 2. Nf3 Nc6 3. Bf4 Bg4 4. e3 Nf6 5. Be2 e6 6. c4 Bd6 7. Bg3 Bxg3 8. hxg3 Qe7 9. O-O O-O-O 10. Nbd2 h5 11. Rc1 h4 12. cxd5 Nb8 13. gxh4 exd5 14. g3 Bh3 15. Re1 Nfd7 16. Qc2 Nf8 17. Ng5 Be6 18. Qc5 Rd6 19. e4 Qd8 20. Qxa7 Nc6 21. Qa8+ Nb8 22. Nb3 Rb6 23. Qa5 Rd6 24. e5 Rd7 25. Nc5 Re7 26. Qa8 c6 27. Rc3 Qc7 28. Rec1 Bd7 29. Rb3 b6 30. Ba6+ Kd8 31. Nb7+ Ke8 32. Nd6+ Kd8 33. Ngxf7+ 1-0

[Event "17th Asian Continental-ch Women 2018"]
[Site "Makati City"]
[Date "2018.12.11"]
[Round "2.8"]
[White "Guo, Qi"]
[Black "San Diego, Marie Antoinette"]
[Result "1-0"]
[ECO "A00"]
[WhiteElo "2368"]
[BlackElo "2111"]
[PlyCount "87"]
[EventDate "2018.12.07"]
[EventType "swiss"]
[EventCountry "PHI"]
[TimeControl "40/5400+30:1800+30"]

1. d4 d5 2. Nf3 Nf6 3. c4 c6 4. e3 e6 5. Bd3 Nbd7 6. O-O Bd6 7. Nc3 dxc4 8. Bxc4 O-O 9. e4 e5 10. Be3 Qe7 11. Bb3 exd4 12. Bxd4 Ne5 13. Nxe5 Bxe5 14. Bxe5 Qxe5 15. f4 Qc5+ 16. Kh1 Be6 17. e5 Nd5 18. Ne4 Qb4 19. Qf3 Nc7 20. Bc2 f5 21. exf6 g6 22. Qg3 Bf5 23. Bb3+ Nd5 24. Nc3 Rad8 25. Rad1 Qa5 26. Qg5 Kh8 27. Bxd5 cxd5 28. Rd4 Qb6 29. Rfd1 Qxb2 30. Nxd5 Rf7 31. h4 Qe2 32. Kh2 Rdf8 33. R1d2 Qe6 34. h5 gxh5 35. Qxh5 Bg6 36. Qf3 Qf5 37. g4 Qe6 38. f5 Bxf5 39. Qxf5 Qe1 40. g5 Re8 41. Qf2 Qe5+ 42. Qg3 Qf5 43. Ne7 Qb1 44. g6 1-0

[Event "17th Asian Continental-ch Women 2018"]
[Site "Makati City"]
[Date "2018.12.11"]
[Round "2.9"]
[White "Vo, Thi Kim Phung"]
[Black "Mejia, Cherry Ann"]
[Result "1-0"]
[ECO "A00"]
[WhiteElo "2352"]
[BlackElo "1980"]
[PlyCount "81"]
[EventDate "2018.12.07"]
[EventType "swiss"]
[EventCountry "PHI"]
[TimeControl "40/5400+30:1800+30"]

1. d4 d5 2. c4 c6 3. Nc3 Nf6 4. Nf3 g6 5. cxd5 cxd5 6. Bf4 Bg7 7. e3 O-O 8. Be2 Nc6 9. O-O Nh5 10. Bg5 h6 11. Bh4 g5 12. Bg3 Nxg3 13. hxg3 Qd6 14. Rc1 Rd8 15. Nb5 Qb8 16. Qb3 Be6 17. Ne1 a6 18. Nc3 b5 19. Nd3 Na5 20. Qd1 Qb6 21. Bf3 Rd6 22. Nc5 Rad8 23. Nxe6 fxe6 24. Qd3 Nc6 25. Qc2 Nb4 26. Qb1 Nc6 27. Rfd1 Qa5 28. b3 Rc8 29. Ne2 Rcd8 30. Rc5 Nb8 31. b4 Qb6 32. Nc1 Nd7 33. Nb3 Qb8 34. Na5 Nxc5 35. bxc5 Qc7 36. cxd6 Qxa5 37. dxe7 Re8 38. Qg6 Rxe7 39. Bg4 Qd8 40. Bxe6+ Kh8 41. Rc1 1-0

[Event "17th Asian Continental-ch Women 2018"]
[Site "Makati City"]
[Date "2018.12.11"]
[Round "2.10"]
[White "Frayna, Janelle Mae"]
[Black "Nandhidhaa, P V"]
[Result "0-1"]
[ECO "A00"]
[WhiteElo "2228"]
[BlackElo "2267"]
[PlyCount "86"]
[EventDate "2018.12.07"]
[EventType "swiss"]
[EventCountry "PHI"]
[TimeControl "40/5400+30:1800+30"]

1. d4 Nf6 2. c4 e6 3. g3 d5 4. Nf3 Bb4+ 5. Bd2 Be7 6. Bg2 O-O 7. O-O c6 8. Qc2 b6 9. Bf4 Nbd7 10. Rd1 Ba6 11. b3 Rc8 12. Nbd2 c5 13. e3 b5 14. Ne5 cxd4 15. exd4 Nxe5 16. dxe5 Nd7 17. h4 bxc4 18. bxc4 Bxc4 19. Qa4 Nc5 20. Qxa7 Ra8 21. Qxa8 Qxa8 22. Nxc4 Qa6 23. Nd6 f6 24. Bf1 Qc6 25. Nb5 fxe5 26. Bxe5 Bf6 27. Bd6 Bxa1 28. Bxf8 Kxf8 29. Rxa1 Ne4 30. Bd3 Nd2 31. a4 Nf3+ 32. Kf1 d4 33. Rd1 e5 34. Be2 Nxh4 35. Ke1 Nf3+ 36. Kf1 Ng5 37. Ke1 Ne4 38. a5 Qf6 39. Rd3 Qxf2+ 40. Kd1 Qg1+ 41. Kc2 Qe1 42. Rf3+ Ke7 43. Bc4 Qd2+ 0-1

[Event "17th Asian Continental-ch Women 2018"]
[Site "Makati City"]
[Date "2018.12.11"]
[Round "2.11"]
[White "Nguyen, Thi Thanh An"]
[Black "Nithyalakshmi, Sivanesan"]
[Result "1/2-1/2"]
[ECO "A00"]
[WhiteElo "2262"]
[BlackElo "1942"]
[PlyCount "73"]
[EventDate "2018.12.07"]
[EventType "swiss"]
[EventCountry "PHI"]
[TimeControl "40/5400+30:1800+30"]

1. d4 d5 2. c4 c6 3. Nf3 Nf6 4. e3 Bf5 5. Bd3 Bxd3 6. Qxd3 e6 7. O-O Nbd7 8. Nc3 Be7 9. e4 dxe4 10. Nxe4 Nxe4 11. Qxe4 Nf6 12. Qe2 Qc7 13. b3 O-O 14. Bb2 Rfd8 15. Rad1 h6 16. Ne5 a5 17. Rd3 a4 18. Bc1 axb3 19. axb3 Kf8 20. Bf4 Qa5 21. Re1 Bb4 22. Red1 Be7 23. g4 Nd7 24. Nf3 Kg8 25. h4 Nf8 26. Bg3 Bd6 27. Bxd6 Rxd6 28. g5 Ng6 29. Qe4 h5 30. Ne5 Nxe5 31. dxe5 Rxd3 32. Rxd3 Rd8 33. Rxd8+ Qxd8 34. Kg2 g6 35. Qe3 Qd1 36. f3 Kg7 37. Kh2 1/2-1/2

[Event "17th Asian Continental-ch Women 2018"]
[Site "Makati City"]
[Date "2018.12.11"]
[Round "2.12"]
[White "Anisa, Aay Aisyah"]
[Black "Mendoza, Shania Mae"]
[Result "1/2-1/2"]
[ECO "A00"]
[WhiteElo "1985"]
[BlackElo "2165"]
[PlyCount "73"]
[EventDate "2018.12.07"]
[EventType "swiss"]
[EventCountry "PHI"]
[TimeControl "40/5400+30:1800+30"]

1. e4 c6 2. d4 d5 3. Nd2 dxe4 4. Nxe4 Bf5 5. Ng3 Bg6 6. Nh3 e6 7. Nf4 Bd6 8. h4 Qc7 9. Nxg6 hxg6 10. Ne4 Bf4 11. Qf3 Bxc1 12. Rxc1 Nd7 13. Qa3 Ne7 14. g3 Nf6 15. Nxf6+ gxf6 16. Bd3 f5 17. Ke2 Nd5 18. Rce1 f4 19. Be4 Nf6 20. Kf3 fxg3 21. fxg3 Nh5 22. Rhg1 Qd8 23. Qc5 Nf6 24. Rgf1 Rh5 25. Qc4 Kf8 26. Kg2 Kg7 27. Rf4 Nxe4 28. Rexe4 Rc8 29. Qc3 Qd5 30. Qb3 Qxb3 31. axb3 Ra5 32. Re2 c5 33. Kf3 cxd4 34. Rxd4 Rc7 35. c3 Rb5 36. b4 a6 37. Red2 1/2-1/2

[Event "17th Asian Continental-ch Women 2018"]
[Site "Makati City"]
[Date "2018.12.11"]
[Round "2.13"]
[White "Zhang, Xiao"]
[Black "Li, Xueyi"]
[Result "1/2-1/2"]
[ECO "A00"]
[WhiteElo "2017"]
[BlackElo "2187"]
[PlyCount "119"]
[EventDate "2018.12.07"]
[EventType "swiss"]
[EventCountry "PHI"]
[TimeControl "40/5400+30:1800+30"]

1. d4 d5 2. c4 e6 3. Nf3 c6 4. e3 Bd6 5. Bd3 f5 6. b3 Nf6 7. Bb2 O-O 8. O-O Bc7 9. Nbd2 Nbd7 10. Ne5 Nxe5 11. dxe5 Ng4 12. Nf3 Bd7 13. cxd5 cxd5 14. h3 Nh6 15. Nd4 Qe7 16. f4 Bb6 17. Qh5 Nf7 18. a4 Rfc8 19. Qf3 Qb4 20. Bxf5 Bxd4 21. Bxe6 Bxb2 22. Bxd7 Bxa1 23. Bxc8 Rxc8 24. Rxa1 Qe4 25. Qxe4 dxe4 26. Rd1 Kf8 27. Rd7 Nd8 28. f5 Nc6 29. e6 b6 30. Kh2 a5 31. Kg3 Nb4 32. Rf7+ Kg8 33. Kf4 Nd5+ 34. Kxe4 Nf6+ 35. Kd4 Rd8+ 36. Kc4 Ne4 37. Rd7 Rc8+ 38. Kb5 Ng3 39. e7 Re8 40. Rd8 Kf7 41. Rxe8 Kxe8 42. Kxb6 Nxf5 43. Kxa5 Nxe3 44. Kb6 Kxe7 45. a5 Kd6 46. a6 Nd5+ 47. Kb7 Kc5 48. a7 Nb6 49. h4 h5 50. g3 Kb5 51. Kb8 Kc5 52. Kc7 Kb5 53. Kd6 Ka6 54. Ke6 Kxa7 55. Kf5 Nd5 56. Kg6 Nf6 57. Kxg7 Ne4 58. Kg6 Nxg3 59. Kg5 Kb6 60. Kf4 1/2-1/2

[Event "17th Asian Continental-ch Women 2018"]
[Site "Makati City"]
[Date "2018.12.11"]
[Round "2.14"]
[White "Makhija, Aashna"]
[Black "Bernales, Christy Lamiel"]
[Result "1-0"]
[ECO "A00"]
[WhiteElo "2181"]
[BlackElo "1996"]
[PlyCount "105"]
[EventDate "2018.12.07"]
[EventType "swiss"]
[EventCountry "PHI"]
[TimeControl "40/5400+30:1800+30"]

1. e4 e6 2. d4 d5 3. Bd3 Nf6 4. e5 Nfd7 5. Nf3 c5 6. c3 Nc6 7. O-O Qb6 8. Bc2 Be7 9. a3 f6 10. exf6 Nxf6 11. Re1 O-O 12. Qd3 c4 13. Qe2 Bd7 14. h3 Rae8 15. Nbd2 Bd6 16. Ne5 Na5 17. Rb1 Bb5 18. Ndf3 Nb3 19. Bg5 a6 20. Bh4 Qc7 21. Ng5 h6 22. Ngf3 g5 23. Nxg5 hxg5 24. Bxg5 Qg7 25. Qe3 Bxe5 26. dxe5 Nh5 27. Bh6 Qe7 28. Bg6 Ng7 29. Bg5 Qc7 30. Qg3 Rc8 31. Qh4 Nf5 32. Qh5 Be8 33. Bf6 Bxg6 34. Qxg6+ Ng7 35. Re3 Rf7 36. Rg3 Rcf8 37. Rg4 Nd2 38. Rh4 Rxf6 39. Qh7+ Kf7 40. exf6 Kxf6 41. Qh6+ Ke5 42. Qxd2 Kd6 43. Re1 b5 44. Rh7 Rf7 45. Qd4 Qb7 46. h4 a5 47. h5 b4 48. h6 Nf5 49. Qe5+ Kc5 50. axb4+ axb4 51. Rxf7 Qxf7 52. Qxe6 Qh5 53. cxb4+ 1-0

[Event "17th Asian Continental-ch Women 2018"]
[Site "Makati City"]
[Date "2018.12.11"]
[Round "2.15"]
[White "Secopito, Catherine"]
[Black "Doroy Allaney Jia G"]
[Result "0-1"]
[ECO "A00"]
[WhiteElo "2145"]
[BlackElo "1972"]
[PlyCount "116"]
[EventDate "2018.12.07"]
[EventType "swiss"]
[EventCountry "PHI"]
[TimeControl "40/5400+30:1800+30"]

1. d4 Nf6 2. Nf3 g6 3. g3 Bg7 4. Bg2 O-O 5. c4 d6 6. O-O c5 7. Nc3 Nc6 8. d5 Na5 9. Qd3 a6 10. a4 Rb8 11. e4 Bd7 12. Nd2 b5 13. axb5 axb5 14. cxb5 Qb6 15. Re1 Ng4 16. Nf3 Bxb5 17. Qxb5 Qxb5 18. Nxb5 Rxb5 19. Bf1 c4 20. Ra4 Rc8 21. Rd1 Rbc5 22. h3 Ne5 23. Nxe5 Bxe5 24. Be3 Rb5 25. b3 Nxb3 26. Bxc4 Rbb8 27. Rb1 Nc5 28. Rxb8 Rxb8 29. Ra7 Nxe4 30. Rxe7 Nc3 31. Rc7 Ne4 32. Bh6 Bd4 33. Kg2 Nxf2 34. Ba6 Nd1 35. Kf3 Nc3 36. Bb7 Nb5 37. Rd7 Be5 38. g4 Nd4+ 39. Kf2 Nb3 40. Rc7 Nc5 41. Rc8+ Rxc8 42. Bxc8 f6 43. Be3 Kf7 44. Kf3 Ke7 45. Bxc5 dxc5 46. Ke4 c4 47. Be6 Kd6 48. Bg8 f5+ 49. gxf5 gxf5+ 50. Ke3 f4+ 51. Kf3 h6 52. Bf7 c3 53. Bg6 Kxd5 54. Ke2 Kc4 55. Bf7+ Kb4 56. Kd1 f3 57. Bd5 f2 58. Bg2 Kb3 0-1

[Event "17th Asian Continental-ch Women 2018"]
[Site "Makati City"]
[Date "2018.12.11"]
[Round "2.16"]
[White "Karenza, Dita"]
[Black "Fronda, Jan Jodilyn"]
[Result "1-0"]
[ECO "A00"]
[WhiteElo "1944"]
[BlackElo "2139"]
[PlyCount "119"]
[EventDate "2018.12.07"]
[EventType "swiss"]
[EventCountry "PHI"]
[TimeControl "40/5400+30:1800+30"]

1. e4 d5 2. exd5 Qxd5 3. Nc3 Qa5 4. d4 Nf6 5. Bc4 Bg4 6. Nf3 Nc6 7. Be3 O-O-O 8. h3 e5 9. d5 Bxf3 10. gxf3 Bb4 11. Bd2 Nd4 12. a3 Bxc3 13. bxc3 Qc5 14. Bd3 Nb5 15. c4 Nd6 16. Be3 Qa5+ 17. Qd2 Qxd2+ 18. Kxd2 e4 19. fxe4 Ndxe4+ 20. Kc1 Rhe8 21. Rg1 g6 22. f3 Ng3 23. Bg5 Ngh5 24. Kd2 Rd6 25. Rae1 Rxe1 26. Rxe1 Kd7 27. Be3 b6 28. Bh6 Ng8 29. Bf8 Rf6 30. c5 c6 31. dxc6+ Kxc6 32. Be4+ Kd7 33. c6+ Kc7 34. Kc1 Re6 35. Rd1 Nhf6 36. Bd3 Rxc6 37. Kb2 Kb7 38. Bb5 Rc8 39. Bg7 Rc5 40. Ba4 Rf5 41. Rd3 Nd5 42. Bd7 Rg5 43. h4 Rh5 44. Bg4 Nf4 45. Rd7+ Kc6 46. Rxf7 Rb5+ 47. Ka2 Nd5 48. Bd7+ Kc5 49. Bxb5 Kxb5 50. Rxa7 Nge7 51. Kb3 Nc6 52. c4+ Kc5 53. Bf8+ Kd4 54. cxd5 Nxa7 55. d6 Ke3 56. d7 Nc6 57. Be7 Kxf3 58. d8=Q Nxd8 59. Bxd8 Ke4 60. Kb4 1-0

[Event "17th Asian Continental-ch Women 2018"]
[Site "Makati City"]
[Date "2018.12.11"]
[Round "2.17"]
[White "Bach, Ngoc Thuy Duong"]
[Black "Doan, Thi Van Anh"]
[Result "1-0"]
[ECO "A00"]
[WhiteElo "2131"]
[BlackElo "1950"]
[PlyCount "69"]
[EventDate "2018.12.07"]
[EventType "swiss"]
[EventCountry "PHI"]
[TimeControl "40/5400+30:1800+30"]

1. d4 c5 2. d5 g6 3. c4 f5 4. Nc3 Nf6 5. f3 d6 6. e3 Bg7 7. Bd3 Na6 8. Nge2 Bd7 9. O-O O-O 10. a3 Kh8 11. Rb1 Nc7 12. b4 cxb4 13. axb4 b5 14. Nd4 Rc8 15. Qb3 bxc4 16. Bxc4 Na8 17. Ba6 Rb8 18. Bd2 Qb6 19. b5 Nc7 20. Qa2 Nxa6 21. bxa6 Qc5 22. Rfc1 Rxb1 23. Qxb1 Nxd5 24. Qb7 Nf6 25. Ncb5 Bc8 26. Qxe7 Qd5 27. Nc7 Qa2 28. Nce6 Bxe6 29. Nxe6 Rg8 30. Rc8 Qa1+ 31. Bc1 Ne8 32. Kf2 Qa2+ 33. Kg3 Bf6 34. Qxe8 Be5+ 35. Kh3 1-0

[Event "17th Asian Continental-ch Women 2018"]
[Site "Makati City"]
[Date "2018.12.11"]
[Round "2.18"]
[White "Galas, Bernadette"]
[Black "Wang, Ying"]
[Result "1-0"]
[ECO "A00"]
[WhiteElo "2100"]
[BlackElo "1324"]
[PlyCount "93"]
[EventDate "2018.12.07"]
[EventType "swiss"]
[EventCountry "PHI"]
[TimeControl "40/5400+30:1800+30"]

1. e4 c5 2. Nf3 e6 3. d4 cxd4 4. Nxd4 Nc6 5. Nb3 Qc7 6. Nc3 a6 7. g3 Nf6 8. Bg2 Be7 9. O-O O-O 10. Re1 d6 11. f4 Ne8 12. Be3 b5 13. a3 Bb7 14. Qe2 Na5 15. Nxa5 Qxa5 16. Nd1 Qc7 17. Nf2 f5 18. Rac1 Qc4 19. Qd2 fxe4 20. b3 Qd5 21. Nxe4 Qxd2 22. Nxd2 Bxg2 23. Kxg2 Nc7 24. Bb6 Nd5 25. Ba5 Rf6 26. c4 Nxf4+ 27. gxf4 Rxf4 28. Re4 Rf5 29. Rxe6 Re5 30. Rxe5 dxe5 31. c5 Bg5 32. Re1 Bf4 33. Ne4 Rc8 34. Rd1 Be3 35. Rd8+ Rxd8 36. Bxd8 Bxc5 37. Nxc5 Kf7 38. Kf3 Ke8 39. Bc7 g5 40. Ke4 Kf7 41. Nxa6 Kg6 42. Bxe5 h5 43. Nc7 h4 44. h3 Kh5 45. a4 g4 46. hxg4+ Kxg4 47. axb5 1-0

[Event "17th Asian Continental-ch Women 2018"]
[Site "Makati City"]
[Date "2018.12.11"]
[Round "2.19"]
[White "San Diego, Jerlyn Mae"]
[Black "Mordido, Kylen Joy"]
[Result "0-1"]
[ECO "A00"]
[WhiteElo "1932"]
[BlackElo "2045"]
[PlyCount "96"]
[EventDate "2018.12.07"]
[EventType "swiss"]
[EventCountry "PHI"]
[TimeControl "40/5400+30:1800+30"]

1. e4 c5 2. Nf3 e6 3. d4 cxd4 4. Nxd4 a6 5. c4 Nf6 6. f3 Qc7 7. Nc3 Nc6 8. Be3 Be7 9. Be2 O-O 10. O-O Rd8 11. Rc1 d5 12. cxd5 exd5 13. Nxd5 Nxd5 14. exd5 Qe5 15. Bf2 Rxd5 16. Nxc6 bxc6 17. Qa4 Bd7 18. Bc4 Bd6 19. g3 Rd2 20. Qb3 Rb8 21. Bxf7+ Kf8 22. Qe3 Rbxb2 23. Qxe5 Bxe5 24. Bb3 Bd4 25. Rc2 Rbxc2 26. Bxc2 Bh3 27. Bxd4 Bxf1 28. Kxf1 Rxc2 29. a3 Rxh2 30. Bf2 Ke7 31. Ke2 Ke6 32. Ke3 Kd5 33. Be1 Ra2 34. Bb4 c5 35. Bc3 Rxa3 36. Kd2 g6 37. g4 Kc4 38. Bg7 Rxf3 39. g5 a5 40. Kc2 Rf2+ 41. Kc1 Kb3 42. Be5 a4 43. Bd6 a3 44. Kd1 a2 45. Be5 c4 46. Ke1 Rc2 47. Ba1 Rc1+ 48. Kd2 Rxa1 0-1

[Event "17th Asian Continental-ch Women 2018"]
[Site "Makati City"]
[Date "2018.12.12"]
[Round "3"]
[White "Nakhbayeva, Guliskhan"]
[Black "Munkhzul, Turmunkh"]
[Result "0-1"]
[ECO "A65"]
[WhiteElo "2371"]
[BlackElo "2255"]
[Annotator "ChessBase"]
[PlyCount "34"]
[EventDate "2018.12.07"]
[EventType "swiss"]
[EventCountry "PHI"]
[SourceTitle "playchess.com"]
[Source "ChessBase"]
[SourceQuality "1"]
[TimeControl "40/5400+30:1800+30"]

1. d4 Nf6 2. c4 g6 3. Nc3 Bg7 4. e4 d6 5. h3 O-O 6. Bg5 c5 7. d5 e6 8. Bd3 exd5 9. cxd5 Re8 10. Nf3 c4 11. Bc2 b5 12. a3 a5 13. O-O Ba6 14. Re1 Nbd7 15. Nd4 Qb6 16. Be3 Nc5 17. f3 Nfd7 0-1

[Event "17th Asian Continental-ch Women 2018"]
[Site "Makati City"]
[Date "2018.12.12"]
[Round "3"]
[White "Padmini, Rout"]
[Black "Zhu, Jiner"]
[Result "1/2-1/2"]
[ECO "C60"]
[WhiteElo "2345"]
[BlackElo "2409"]
[Annotator "ChessBase"]
[PlyCount "23"]
[EventDate "2018.12.07"]
[EventType "swiss"]
[EventCountry "PHI"]
[SourceTitle "playchess.com"]
[Source "ChessBase"]
[SourceQuality "1"]
[TimeControl "40/5400+30:1800+30"]

1. e4 e5 2. Nf3 Nc6 3. Bb5 g6 4. d4 exd4 5. c3 d3 6. Qxd3 Bg7 7. O-O d6 8. c4 Nge7 9. Nc3 O-O 10. Nd5 Bg4 11. Bxc6 Nxc6 12. h3 1/2-1/2

[Event "17th Asian Continental-ch Women 2018"]
[Site "Makati City"]
[Date "2018.12.12"]
[Round "3.4"]
[White "Alinasab, Mobina"]
[Black "Guo, Qi"]
[Result "1/2-1/2"]
[ECO "A00"]
[WhiteElo "2295"]
[BlackElo "2368"]
[PlyCount "82"]
[EventDate "2018.12.07"]
[EventType "swiss"]
[EventCountry "PHI"]
[TimeControl "40/5400+30:1800+30"]

1. e4 e6 2. d4 d5 3. Nd2 c5 4. Ngf3 cxd4 5. Nxd4 Nc6 6. Bb5 Bd7 7. Nxc6 Bxc6 8. Bxc6+ bxc6 9. c4 Qa5 10. Qc2 Qa6 11. O-O Nf6 12. b3 Be7 13. Bb2 O-O 14. Rfe1 Rfd8 15. exd5 cxd5 16. cxd5 Nxd5 17. Nc4 Bf6 18. Bxf6 Nxf6 19. Red1 h6 20. h3 Rac8 21. Rd2 Rd5 22. Rad1 Qc6 23. Qb2 Rcd8 24. Ne3 Rxd2 25. Rxd2 Rxd2 26. Qxd2 Nd5 27. Nc4 Qc5 28. a3 Qb5 29. Qd3 Qb8 30. b4 Qf4 31. Ne3 Qe5 32. Nxd5 exd5 33. Kf1 Qa1+ 34. Ke2 Qb2+ 35. Ke3 Qe5+ 36. Kf3 Qf6+ 37. Ke3 Qe5+ 38. Kf3 Qf6+ 39. Ke3 Qe5+ 40. Kf3 Qf6+ 41. Ke3 Qe5+ 1/2-1/2

[Event "17th Asian Continental-ch Women 2018"]
[Site "Makati City"]
[Date "2018.12.12"]
[Round "3.5"]
[White "Nandhidhaa, P V"]
[Black "Aulia, Medina Warda"]
[Result "1/2-1/2"]
[ECO "A00"]
[WhiteElo "2267"]
[BlackElo "2366"]
[PlyCount "126"]
[EventDate "2018.12.07"]
[EventType "swiss"]
[EventCountry "PHI"]
[TimeControl "40/5400+30:1800+30"]

1. e4 e6 2. d4 d5 3. Nd2 Nc6 4. Ngf3 Nf6 5. e5 Nd7 6. Bd3 f6 7. exf6 Qxf6 8. Nf1 e5 9. Ne3 Nb6 10. dxe5 Nxe5 11. Nxe5 Qxe5 12. O-O Bd6 13. f4 Qf6 14. Ng4 Bxg4 15. Qxg4 O-O 16. Be3 Rae8 17. Qh3 h6 18. c3 Qe6 19. Qxe6+ Rxe6 20. Bxb6 axb6 21. g3 Rfe8 22. Rad1 c6 23. f5 Re3 24. f6 gxf6 25. Rxf6 R8e6 26. Rxe6 Rxe6 27. c4 Kg7 28. cxd5 cxd5 29. Kg2 Bc5 30. Rd2 Re1 31. Bf1 Rb1 32. Be2 Bb4 33. Rxd5 Rxb2 34. Kf3 Rxa2 35. Rd7+ Kf6 36. Rxb7 Bc5 37. Rh7 Ra3+ 38. Kf4 Be3+ 39. Ke4 Bc1 40. Bc4 Re3+ 41. Kd4 Re1 42. Rf7+ Kg6 43. Rc7 Be3+ 44. Kd5 Bg1 45. Bd3+ Kh5 46. Rg7 Bxh2 47. Bf5 Bxg3 48. Rxg3 b5 49. Rb3 Kg5 50. Bd3 h5 51. Rxb5 h4 52. Kd4+ Kg4 53. Bf5+ Kf4 54. Bd3 h3 55. Rh5 Kg3 56. Be4 Kf4 57. Rh4+ Kg3 58. Rh8 h2 59. Rg8+ Kf4 60. Rf8+ Kg3 61. Rh8 Rxe4+ 62. Kxe4 Kg2 63. Rg8+ Kf2 1/2-1/2

[Event "17th Asian Continental-ch Women 2018"]
[Site "Makati City"]
[Date "2018.12.12"]
[Round "3.6"]
[White "Gu, Tianlu"]
[Black "Vo, Thi Kim Phung"]
[Result "0-1"]
[ECO "A00"]
[WhiteElo "2231"]
[BlackElo "2352"]
[PlyCount "144"]
[EventDate "2018.12.07"]
[EventType "swiss"]
[EventCountry "PHI"]
[TimeControl "40/5400+30:1800+30"]

1. e4 e6 2. d4 d5 3. Nd2 c5 4. Ngf3 Nf6 5. exd5 exd5 6. dxc5 Bxc5 7. Bb5+ Bd7 8. Bxd7+ Nbxd7 9. O-O O-O 10. Nb3 Be7 11. h3 Qc7 12. c3 Rfe8 13. Nfd4 Bf8 14. Nf5 Ne5 15. Nbd4 Qd7 16. Bf4 Ng6 17. Bh2 a6 18. a4 Bc5 19. Qb3 Rac8 20. Rfd1 Re4 21. Qc2 h6 22. Ng3 Re7 23. Ngf5 Re4 24. Ng3 Ree8 25. Qf5 Qd8 26. Nh5 Nxh5 27. Qxh5 Qb6 28. b4 Bxd4 29. Rxd4 Rxc3 30. Qxd5 Ra3 31. Rc1 Rxa4 32. Bd6 Rd8 33. Rcd1 Qc6 34. Qb3 b5 35. Qg3 Re8 36. h4 Ne7 37. Qf4 Qd7 38. Bc5 Ng6 39. Qg3 Qf5 40. Rd5 Qf4 41. Qc3 Qxh4 42. g3 Qe4 43. R5d3 Qg4 44. Rd8 Rxd8 45. Rxd8+ Kh7 46. Rd4 Qe6 47. Rd8 Qg4 48. Rd4 Qf5 49. Kg2 Ra2 50. Qe3 Ra1 51. Qd3 Qh5 52. Rh4 Qd1 53. Qf5 Qb1 54. Qxb1 Rxb1 55. Rd4 Ne5 56. Rd6 Ra1 57. f4 Ng4 58. Bd4 Ra2+ 59. Kf3 h5 60. Rd5 Kh6 61. Rd6+ f6 62. Rd8 Kg6 63. Bc5 Ra3+ 64. Ke4 Nh6 65. Rd3 Rxd3 66. Kxd3 Nf5 67. Bf2 Kf7 68. Ke4 Ke6 69. Be1 g6 70. Bf2 Ne7 71. Bc5 f5+ 72. Kd3 Nc6 0-1

[Event "17th Asian Continental-ch Women 2018"]
[Site "Makati City"]
[Date "2018.12.12"]
[Round "3.7"]
[White "Wang, Jue"]
[Black "Bach, Ngoc Thuy Duong"]
[Result "0-1"]
[ECO "A00"]
[WhiteElo "2367"]
[BlackElo "2131"]
[PlyCount "144"]
[EventDate "2018.12.07"]
[EventType "swiss"]
[EventCountry "PHI"]
[TimeControl "40/5400+30:1800+30"]

1. e4 c5 2. Nf3 d6 3. d4 cxd4 4. Nxd4 Nf6 5. Nc3 a6 6. h4 e6 7. g4 d5 8. e5 Nfd7 9. f4 Nc6 10. Nce2 Qc7 11. Be3 Na5 12. b3 h5 13. gxh5 Rxh5 14. Ng3 Rh8 15. Qd2 Nc6 16. Bg2 Ndb8 17. Nge2 Bd7 18. Nf3 Ne7 19. Ned4 Nbc6 20. c3 Nxd4 21. Nxd4 Rc8 22. Rc1 Nc6 23. Ne2 Qd8 24. h5 Be7 25. Bf3 b5 26. b4 f6 27. h6 Rxh6 28. Rxh6 gxh6 29. Bh5+ Kf8 30. f5 fxe5 31. Bxh6+ Kg8 32. Nf4 Bh4+ 33. Kf1 Qf6 34. Qg2+ Kh7 35. Bg7 Qxg7 36. Bg6+ Kg8 37. Nh5 Qh6 38. Rc2 Kf8 39. Qg4 Qg5 40. Qxg5 Bxg5 41. Rg2 exf5 42. Rxg5 Ke7 43. Bxf5 Rf8 44. Ng3 Bxf5 45. Rxf5 Rxf5+ 46. Nxf5+ Kf6 47. Nd6 d4 48. a3 Ke6 49. Ne4 Kd5 50. Nf6+ Kc4 51. cxd4 exd4 52. Nd7 Kb3 53. Nc5+ Kxa3 54. Nxa6 Nxb4 55. Nc7 Ka4 56. Ke2 Nc6 57. Kd3 b4 58. Kc2 Ka3 59. Kb1 Kb3 60. Nd5 Kc4 61. Nf4 Ne5 62. Ng2 b3 63. Nf4 Nd3 64. Ne2 Nc5 65. Ng3 Na4 66. Nf5 d3 67. Nd6+ Kd4 68. Nf5+ Kc3 69. Ne3 d2 70. Ka1 Kd3 71. Nd1 Ke2 72. Nb2 Nxb2 0-1

[Event "17th Asian Continental-ch Women 2018"]
[Site "Makati City"]
[Date "2018.12.12"]
[Round "3.8"]
[White "Gong, Qianyun"]
[Black "Galas, Bernadette"]
[Result "1-0"]
[ECO "A00"]
[WhiteElo "2312"]
[BlackElo "2100"]
[PlyCount "61"]
[EventDate "2018.12.07"]
[EventType "swiss"]
[EventCountry "PHI"]
[TimeControl "40/5400+30:1800+30"]

1. d4 Nf6 2. Nf3 b6 3. Bf4 Bb7 4. e3 e6 5. Bd3 Be7 6. h3 d6 7. Nbd2 c5 8. c3 O-O 9. Qe2 Nc6 10. O-O h6 11. Rad1 d5 12. Ne5 Bd6 13. Bg3 Qc7 14. f4 Rad8 15. Qf3 Na5 16. Bb1 Nc4 17. Ndxc4 dxc4 18. e4 cxd4 19. cxd4 b5 20. Kh1 Qc8 21. Bh4 Be7 22. Ng4 Rd7 23. Nxf6+ Bxf6 24. Bxf6 gxf6 25. Qh5 Kh7 26. d5 c3 27. bxc3 Qxc3 28. e5+ f5 29. Bxf5+ exf5 30. Qxf5+ Kg8 31. Rf3 1-0

[Event "17th Asian Continental-ch Women 2018"]
[Site "Makati City"]
[Date "2018.12.12"]
[Round "3.9"]
[White "Mendoza, Shania Mae"]
[Black "Nguyen, Thi Thanh An"]
[Result "0-1"]
[ECO "A00"]
[WhiteElo "2165"]
[BlackElo "2262"]
[PlyCount "82"]
[EventDate "2018.12.07"]
[EventType "swiss"]
[EventCountry "PHI"]
[TimeControl "40/5400+30:1800+30"]

1. c4 g6 2. g3 Bg7 3. Bg2 Nf6 4. Nc3 O-O 5. Nf3 d6 6. d3 Nc6 7. O-O a6 8. Rb1 Bg4 9. b4 Qc8 10. a4 Bh3 11. b5 Bxg2 12. Kxg2 Nd8 13. Qb3 Ne6 14. Bb2 c6 15. Rfc1 h5 16. e3 Nc5 17. Qc2 Qd7 18. d4 Ne6 19. e4 Nf4+ 20. Kf1 Qh3+ 21. Ke1 Qg2 22. Nd2 Ng4 23. Nd1 Nh3 24. Nf1 Ng5 25. Qd3 Nxh2 26. Nxh2 Qxh2 27. Ke2 f5 28. e5 dxe5 29. dxe5 Rad8 30. Qb3 f4 31. c5+ Kh7 32. Rc4 Ne6 33. Qf3 axb5 34. axb5 Bh6 35. Bc1 Ng5 36. Qxf4 Rxf4 37. Bxf4 Qh1 38. Bxg5 Bxg5 39. f4 Qd5 40. Rbc1 Qd2+ 41. Kf1 Rd3 0-1

[Event "17th Asian Continental-ch Women 2018"]
[Site "Makati City"]
[Date "2018.12.12"]
[Round "3.10"]
[White "Mordido, Kylen Joy"]
[Black "Ning, Kaiyu"]
[Result "0-1"]
[ECO "A00"]
[WhiteElo "2045"]
[BlackElo "2247"]
[PlyCount "72"]
[EventDate "2018.12.07"]
[EventType "swiss"]
[EventCountry "PHI"]
[TimeControl "40/5400+30:1800+30"]

1. c4 e6 2. Nc3 d5 3. d4 a6 4. cxd5 exd5 5. Nf3 Nf6 6. g3 Bd6 7. Bg2 O-O 8. O-O c6 9. b3 Re8 10. Bb2 Bf5 11. Rc1 h6 12. Nh4 Bh7 13. Bh3 Nbd7 14. Nf5 Bf8 15. Na4 Ne4 16. Ne3 Ndf6 17. Nc5 Qe7 18. Ng4 Ng5 19. Nxf6+ Qxf6 20. Bg2 Bxc5 21. Rxc5 Bf5 22. e3 Bh3 23. Bxh3 Nxh3+ 24. Kg2 Ng5 25. h4 Ne4 26. Rc2 Nd6 27. Qf3 Qg6 28. Rfc1 Nf5 29. Kh2 Re4 30. Kh3 Rae8 31. h5 Qg5 32. Kh2 Rg4 33. Kg1 Nxg3 34. fxg3 Rxe3 35. Qh1 Rexg3+ 36. Kf1 Rg1+ 0-1